[Event "Live Chess"]
[Site "Chess.com"]
[Date "2024.06.01"]
[Round "-"]
[White "Grace6363"]
[Black "DoggyDalmatian"]
[Result "1-0"]
[WhiteElo "1148"]
[BlackElo "1542"]
[TimeControl "300"]
[EndTime "9:44:22 PDT"]
[Termination "Grace6363 won by checkmate"]

1. d4 d5 2. c4 c6 3. Nc3 Nf6 4. cxd5 cxd5 5. Nf3 Bf5 6. a3 a6 7. b4 e6 8. e3 Nc6 9. Be2 Be7 10. O-O O-O 11.
Bb2 Qd7 12. Bd3 Bxd3 13. Qxd3 h6 14. h3 Rac8 15. Rac1 Bd6 16. Ne2 Rfe8 17. Ng3 a5 18. b5 Ne7 19. Rxc8 Rxc8 20. Ne5 Bxe5 21. dxe5 Ne8 22. f4 Nc7 23. a4 Na8 24. e4 Nb6 25. f5 exf5 26. Nxf5 Nxf5 27. exf5 Nc4 28. Bd4 Qc7 29.
e6 fxe6 30. fxe6 Re8 31. Qg6 Re7 32. Bf6 Rxe6 33. Rf4 Qxf4 34. Qxg7# 1-0

[Event "Live Chess"]
[Site "Chess.com"]
[Date "2024.06.01"]
[Round "-"]
[White "Bob2pen"]
[Black "dl_chess"]
[Result "1-0"]
[WhiteElo "1799"]
[BlackElo "1161"]
[TimeControl "300"]
[EndTime "9:44:25 PDT"]
[Termination "Bob2pen won on time"]

1. e4 e6 2. d4 d5 3. Nc3 Nf6 4. Bg5 h6 5. Bxf6 Qxf6 6. e5 Qd8 7. Bd3 c5 8. Nf3 Nc6 9. O-O cxd4 10. Nb5 a6 11. Nbxd4 Bc5 12. c3 Qb6 13. b4 Be7 14.
a4 Nxd4 15. Nxd4 Qc7 16. Qb3 Qxe5 17. Rae1 Qd6 18. b5 O-O 19. Nf3 Bd7 20. Rd1 Rfc8 21. c4 axb5 22. axb5 Ra3 23. Qb2 Qb6 24. Ne5 Be8 25.
cxd5 exd5 26. Rfe1 Rcc3 27. Bf1 Bc5 28. Rxd5 Bxf2+ 29. Qxf2 Qxf2+ 30. Kxf2 Ra2+ 31. Re2 Rcc2 32. Rd8 Rxe2+ 33.
Bxe2 Kf8 34. Ke3 Ke7 35. Rd2 Ra3+ 36. Kd4 f6 37. Nc4 Ra4 38. Rb2 Bf7 39. Kc5 Kd7 40. Nb6+ Kc7 41. Nxa4 1-0

[Event "Live Chess"]
[Site "Chess.com"]
[Date "2024.06.01"]
[Round "-"]
[White "ACM42"]
[Black "Enhard"]
[Result "1-0"]
[WhiteElo "2204"]
[BlackElo "1457"]
[TimeControl "300"]
[EndTime "9:44:27 PDT"]
[Termination "ACM42 won by resignation"]

1. e4 c6 2. d4 d5 3. e5 Bf5 4. c3 e6 5. f4 h6 6. Nf3 Nd7 7. Bd3 Bxd3 8. Qxd3 c5 9. O-O cxd4 10.
cxd4 Ne7 11. Nc3 Nf5 12. g4 Nh4 13. f5 Nxf3+ 14. Rxf3 Qh4 15. h3 O-O-O 16. Nb5 a6 17. Qc3+ Bc5 18. Nd6+ Kb8 19. dxc5 Nxe5 20. Qxe5 Rhf8 21.
Nxf7+ Ka8 22. Nxd8 Rxd8 23. fxe6 Qe7 24. Rf7 Qxc5+ 25. Be3 Qc2 26. Rc1 Qe2 1-0

[Event "Live Chess"]
[Site "Chess.com"]
[Date "2024.06.01"]
[Round "-"]
[White "mrsmarple1968"]
[Black "Ferrarifan27"]
[Result "0-1"]
[WhiteElo "1788"]
[BlackElo "2075"]
[TimeControl "300"]
[EndTime "9:44:39 PDT"]
[Termination "Ferrarifan27 won by resignation"]

1. e4 e5 2. Bc4 Nc6 3. Nf3 Bc5 4. O-O d6 5. Re1 Nf6 6. d3 Bg4 7. c3 O-O 8. h3 Bh5 9. Nbd2 a6 10. Bb3 Re8 11. Nf1 d5 12. exd5 Nxd5 13. Ng3 Bg6 14. d4 exd4 15. Rxe8+ Qxe8 16. Bxd5 dxc3 17. bxc3 Rd8 18.
c4 Ne5 19. Qb3 Nxf3+ 20. Qxf3 Bd4 21. Rb1 Bxb1 0-1

[Event "Live Chess"]
[Site "Chess.com"]
[Date "2024.06.01"]
[Round "-"]
[White "KeithArkell"]
[Black "degringolade64"]
[Result "1-0"]
[WhiteElo "2515"]
[BlackElo "2063"]
[TimeControl "300"]
[EndTime "9:44:40 PDT"]
[Termination "KeithArkell won by resignation"]

1. d4 Nf6 2. Nf3 d5 3. c4 e6 4.
cxd5 exd5 5. Nc3 c6 6. Qc2 g6 7. Bg5 Be7 8. e3 Bf5 9. Bd3 Bxd3 10. Qxd3 Nbd7 11. Bh6 Ng4 12. Bf4 O-O 13. O-O Kg7 14. h3 Ngf6 15. Rab1 a5 16. Ne5 Nh5 17. Bh2 Kg8 18.
Nxd7 Qxd7 19. Rfc1 Nf6 20. Be5 Ne8 21. Na4 Ra6 22. Nc5 Bxc5 23. Rxc5 Nd6 24. Bxd6 Qxd6 25. b3 b5 26. Rbc1 Rb8 27. a4 bxa4 28. Qxa6 axb3 29. Qxa5 b2 30. Rb1 Qf6 31. Qc3 1-0

[Event "Live Chess"]
[Site "Chess.com"]
[Date "2024.06.01"]
[Round "-"]
[White "gunslinger222"]
[Black "TedUdale"]
[Result "1/2-1/2"]
[WhiteElo "2280"]
[BlackElo "2157"]
[TimeControl "300"]
[EndTime "9:44:44 PDT"]
[Termination "Game drawn by repetition"]

1. d4 d6 2. c4 g6 3. g3 Bg7 4. Bg2 Nd7 5. Nc3 c6 6. Nf3 e5 7. d5 c5 8. e4 Ne7 9. Nd2 O-O 10. Nf1 f5 11. exf5 Nxf5 12. Ne3 Nd4 13. O-O Nf6 14. f4 Nh5 15. fxe5 Rxf1+ 16. Qxf1 Bxe5 17. Rb1 Qe7 18. b4 b6 19. bxc5 bxc5 20. Ne4 Bd7 21. Rb7 Rf8 22.
Qd1 Qd8 23. Ng4 Qc8 24. Nh6+ Kh8 25. Rxa7 Nf5 26. Nxf5 Bxf5 27. Ng5 Bd4+ 28. Kh1 Bg4 29. Qd3 Qe8 30. Bd2 Ng7 31. h3 Bf5 32. Qf3 Nh5 33.
Rxh7+ Kg8 34. Ra7 Qe5 35. Bf4 Qe1+ 36. Qf1 Qxf1+ 37. Bxf1 Nxf4 38. gxf4 Re8 39. Kg2 Re1 40. a4 Ra1 41. Ra8+ Kg7 42. Ra7+ Kg8 43. Ra8+ Kg7 44.
Ra7+ Kg8 1/2-1/2

[Event "Live Chess"]
[Site "Chess.com"]
[Date "2024.06.01"]
[Round "-"]
[White "CarmelJane"]
[Black "LaupMiths"]
[Result "1-0"]
[WhiteElo "2121"]
[BlackElo "1877"]
[TimeControl "300"]
[EndTime "9:45:06 PDT"]
[Termination "CarmelJane won by resignation"]

1. e4 d6 2. d4 g6 3. Nc3 Bg7 4. Bf4 Nd7 5. Qd2 a6 6. O-O-O b5 7. h4 h5 8. Nh3 c5 9. Ne2 cxd4 10. Nxd4 Bb7 11.
f3 Rc8 12. Bg5 Bh6 13. Bxh6 Nxh6 14. Ng5 Ne5 15. Kb1 Nc4 16. Bxc4 bxc4 17. Rhe1 Rc5 18. Qc3 O-O 19. Nde6 fxe6 20. Nxe6 1-0

[Event "Live Chess"]
[Site "Chess.com"]
[Date "2024.06.01"]
[Round "-"]
[White "Keithdfg"]
[Black "Berdgross"]
[Result "1-0"]
[WhiteElo "1731"]
[BlackElo "579"]
[TimeControl "300"]
[EndTime "9:45:14 PDT"]
[Termination "Keithdfg won by resignation"]

1. Nf3 e5 2. d3 d6 3. Nbd2 Bg4 4.
e4 Nc6 5. Be2 Bxf3 6. Nxf3 Nf6 7. c3 h6 8. O-O a6 9. b4 b5 10. a3 a5 11. Bb2 axb4 12. cxb4 d5 13. Rc1 dxe4 14. dxe4 Qxd1 15. Rfxd1 Rd8 16. Bxb5 Rxd1+ 17. Rxd1 Nxe4 18. Bxc6+ Ke7 19. Bxe4 1-0

[Event "Live Chess"]
[Site "Chess.com"]
[Date "2024.06.01"]
[Round "-"]
[White "Brooms1989"]
[Black "Yarigo"]
[Result "0-1"]
[WhiteElo "1051"]
[BlackElo "2410"]
[TimeControl "300"]
[EndTime "9:45:19 PDT"]
[Termination "Yarigo won by resignation"]

1. e4 c6 2. Nf3 d5 3. exd5 cxd5 4. Ne5 Nc6 5. d4 Nxe5 6. dxe5 a6 7. Bd3 e6 8. O-O Bc5 9. Qg4 Kf8 10. Nd2 Ne7 11.
Nf3 Nf5 12. c3 Bd7 13. Bg5 Qc7 14. Bxf5 exf5 15. Qh4 h6 16. Be7+ Bxe7 17. Qg3 Be6 18. Nd4 Qd7 19. f4 g6 20. Rfd1 Bc5 21. Qf3 Kg7 22. Kh1 Rac8 23. h4 Bxd4 24. cxd4 Rc4 25. h5 g5 26. fxg5 hxg5 27. Qg3 Rxh5+ 0-1

[Event "Live Chess"]
[Site "Chess.com"]
[Date "2024.06.01"]
[Round "-"]
[White "NAZRIZ1977"]
[Black "Bazzza132"]
[Result "1-0"]
[WhiteElo "2116"]
[BlackElo "1698"]
[TimeControl "300"]
[EndTime "9:45:39 PDT"]
[Termination "NAZRIZ1977 won by checkmate"]

1. c4 Nf6 2. g3 e6 3. Bg2 d5 4.
Nf3 Bd6 5. O-O O-O 6. b3 Nbd7 7. Bb2 Re8 8. Nc3 Ne5 9. cxd5 exd5 10. d3 Bg4 11.
Nxe5 Bxe5 12. Re1 c6 13. d4 Bd6 14. f3 Bd7 15. e4 dxe4 16. fxe4 Bb4 17. a3 Bxc3 18.
Bxc3 Qb6 19. h3 c5 20. dxc5 Qxc5+ 21. Bd4 Qc7 22. Rc1 Qd8 23. e5 Nh5 24. Qxh5 g6 25.
Qh6 Bf5 26. Rcd1 Qa5 27. e6 f6 28. Bxf6 Qc7 29. Rd7 Qb6+ 30. Bd4 Qxd4+ 31. Rxd4 Bxe6 32. Rxe6 Rxe6 33. Rd7 Re7 34. Rxe7 Rb8 35. Qg7# 1-0

[Event "Live Chess"]
[Site "Chess.com"]
[Date "2024.06.01"]
[Round "-"]
[White "bill77678"]
[Black "Trecregin"]
[Result "1/2-1/2"]
[WhiteElo "1800"]
[BlackElo "1830"]
[TimeControl "300"]
[EndTime "9:45:40 PDT"]
[Termination "Game drawn by agreement"]

1. e4 Nf6 2. e5 Ng8 3. d4 d6 4. exd6 exd6 5. Bd3 d5 6. Ne2 Nf6 7. O-O Bd6 8. Bf4 O-O 9. Bxd6 Qxd6 10. c3 c5 11. dxc5 Qxc5 12. Nd2 Nc6 13. Re1 Bg4 14. Rc1 Rae8 15. Nb3 Qd6 16. f3 Bh5 17. Ng3 Bg6 18.
Bxg6 fxg6 19. Nd4 Qc5 20. Qd3 Nxd4 21. cxd4 Rxe1+ 22. Rxe1 Qb6 23. b3 Re8 24. Rxe8+ Nxe8 25. Ne2 Nd6 26. Nf4 Nf5 27. Nxd5 Qxd4+ 28. Qxd4 Nxd4 29.
Kf2 Kf7 30. Ke3 Nc2+ 31. Ke4 Ke6 32. Nf4+ Kd6 33. Nd3 b5 34. g3 a5 35. h3 b4 36.
Nb2 Kc5 37. Nc4 a4 38. f4 axb3 39. axb3 Na1 40. Nd2 Nc2 41. g4 Ne1 42. h4 Ng2 43. Nf3 h6 44. f5 h5 45. gxh5 gxh5 46. Nd4 Nxh4 47. Ne6+ Kd6 48. Nxg7 Ng2 49. Nxh5 Ne1 50. Nf4 Nc2 51. Nd5 Na1 52. Nxb4 Nxb3 53. Nd3 Ke7 54. f6+ 1/2-1/2

[Event "Live Chess"]
[Site "Chess.com"]
[Date "2024.06.01"]
[Round "-"]
[White "Colm_Buckley"]
[Black "TheRedDrag"]
[Result "0-1"]
[WhiteElo "1808"]
[BlackElo "2179"]
[TimeControl "300"]
[EndTime "9:45:42 PDT"]
[Termination "TheRedDrag won on time"]

1. d4 Nf6 2. c4 g6 3. Nc3 Bg7 4. e4 d6 5. Be2 O-O 6. Nf3 Nc6 7. O-O e5 8. dxe5 dxe5 9. h3 Be6 10. Be3 Nd7 11. Nd5 f5 12. exf5 Bxf5 13. Bg5 Nf6 14. Nxf6+ Bxf6 15. Bxf6 Qxf6 16. c5 e4 17.
Bc4+ Kh8 18. Nh2 Ne5 19. Be2 Rad8 20. Qb3 Qg5 21. Kh1 Rfe8 22. Qxb7 Rd2 23. Rae1 Qe7 24. Qb4 Red8 25. Ng4 Bxg4 26. Bxg4 Nxg4 27. hxg4 Qh4+ 28. Kg1 Qxg4 29. Rxe4 Qf5 30. Qc3+ Kg8 31. Qc4+ Kg7 32. Rf4 Qd5 33. Qc3+ Kg8 34. a3 Rd3 35.
Qc4 Qxc4 36. Rxc4 Rb3 37. Rc2 Kf7 38. Re1 Rd5 39. Re3 Rb5 40. b4 a5 41. Rc4 axb4 42. axb4 Kf6 43. Rf4+ Rf5 44. Rfe4 h5 45. g3 Rb8 46.
Re6+ Kg7 47. Re7+ Rf7 48. Rxf7+ Kxf7 49. Re4 Kf6 50. Rd4 Ke5 51. Rd7 Rxb4 52. Rxc7 Kd5 53. c6 Rc4 54. Rg7 Rxc6 55. Kg2 Ke5 56. Re7+ Kf6 57.
Re3 Rd6 58. Rf3+ Kg5 59. Re3 Rf6 60. f4+ Kh6 61. Re5 h4 62. gxh4 Rxf4 63. Kg3 Rf6 64. Rg5 Rc6 65. Rg4 Rc3+ 66. Kg2 Rc2+ 67. Kg3 Rc3+ 68. Kg2 Kh5 0-1

[Event "Live Chess"]
[Site "Chess.com"]
[Date "2024.06.01"]
[Round "-"]
[White "MagnersCarlsberg2870"]
[Black "LL220284LL"]
[Result "0-1"]
[WhiteElo "1881"]
[BlackElo "2581"]
[TimeControl "300"]
[EndTime "9:45:44 PDT"]
[Termination "LL220284LL won by checkmate"]

1. Nf3 b6 2. g3 Bb7 3. Bg2 g6 4.
O-O Bg7 5. d4 e6 6. c3 Ne7 7.
Bg5 h6 8. Bf4 d6 9. Qd2 g5 10. Be3 Nf5 11. Na3 O-O 12. Bxg5 hxg5 13. Nxg5 Bxg2 14. Kxg2 Bh6 15. h4 f6 16. f4 Ng7 17.
Nf3 f5 18. c4 Nd7 19. Qc2 Nf6 20. Nb1 Qe8 21. Nbd2 Qh5 22. Rf2 Ng4 23. Nf1 Nxf2 24. Kxf2 Rae8 25. e4 fxe4 26. Qxe4 Qf5 27. Qb7 e5 28.
Ne3 Qf7 29. g4 Bxf4 30. Nf5 Nxf5 31. gxf5 Qxf5 32. Rg1+ Kh8 33. Qxc7 Be3+ 34. Ke1 Bxg1 35. Ng5 Qf1+ 36. Kd2 Qf4+ 37. Kc3 Bxd4+ 38. Kb3 Qf5 39. Qxd6 Qd3+ 40. Ka4 Qxc4+ 41. b4 Qxa2+ 42. Kb5 a6+ 43.
Kc6 Qc4+ 44. Kb7 Qc8+ 45. Ka7 Qa8# 0-1

[Event "Live Chess"]
[Site "Chess.com"]
[Date "2024.06.01"]
[Round "-"]
[White "elephantgerrald"]
[Black "14141409"]
[Result "0-1"]
[WhiteElo "713"]
[BlackElo "2561"]
[TimeControl "300"]
[EndTime "9:45:55 PDT"]
[Termination "14141409 won by checkmate"]

1. e4 e5 2. Nf3 Nf6 3. Nc3 Nc6 4. g3 Bc5 5. Bg2 O-O 6. O-O a6 7. d3 h6 8. a3 d6 9. b4 Ba7 10. Re1 Bg4 11. Be3 Nd4 12. Bxd4 Bxd4 13. Qd2 c5 14. Nxd4 cxd4 15. Nd5 Nxd5 16. exd5 Rc8 17. Rac1 Rc3 18. h3 Bf5 19. Re3 Rxa3 20. g4 dxe3 21.
Qxe3 Bd7 22. Kh2 Rc3 23. Be4 Qg5 24. Qf3 Qxc1 25. g5 Qxg5 26. h4 Qxh4+ 27. Kg2 f5 28. Bxf5 Rxf5 29. Qg3 Rg5 30. Qxg5 Qxg5+ 31. Kf1 Rxc2 32.
Ke1 Qc1# 0-1

[Event "Live Chess"]
[Site "Chess.com"]
[Date "2024.06.01"]
[Round "-"]
[White "seasidecastle27"]
[Black "jimwad"]
[Result "1-0"]
[WhiteElo "1951"]
[BlackElo "1217"]
[TimeControl "300"]
[EndTime "9:45:56 PDT"]
[Termination "seasidecastle27 won on time"]

1. d4 d5 2. Nf3 Nf6 3. Bf4 Bf5 4. e3 Nc6 5. Bd3 Bxd3 6. Qxd3 e6 7. c3 Bd6 8. Bg3 Bxg3 9. hxg3 h6 10. Nbd2 Qe7 11.
O-O-O O-O-O 12. e4 Nxe4 13. Nxe4 dxe4 14. Qxe4 Kb8 15.
Rhe1 Rhe8 16. Qg4 Qf6 17. Qe4 Ne7 18. Ne5 Qxf2 19. Rf1 Qxg3 20. Rxf7 Qg5+ 21. Kb1 Rd5 22. Rdf1 a6 23. c4 Rdd8 24. c5 Nd5 25. c6 b6 26. Qd3 Ka7 27. Qc2 Re7 28. Rxe7 Nxe7 29. Nf7 Qd5 30. Nxd8 Qxd8 31. Rd1 Qd5 32. Qf2 Nxc6 33.
Qf7 Qd6 34. Qxg7 Kb7 35. g4 Qf4 36. d5 exd5 37. Rc1 Qe4+ 38. Ka1 Nb4 39. Qc3 Qc4 40.
Qxc4 dxc4 41. Rxc4 Nc6 42. Rf4 Ne5 43. Re4 Nf3 44. Re6 Ng5 45. Rxh6 Nf7 46. Rf6 1-0

[Event "Live Chess"]
[Site "Chess.com"]
[Date "2024.06.01"]
[Round "-"]
[White "Yegorych"]
[Black "Leovip"]
[Result "1-0"]
[WhiteElo "1623"]
[BlackElo "1711"]
[TimeControl "300"]
[EndTime "9:45:57 PDT"]
[Termination "Yegorych won by checkmate"]

1. d4 d5 2. c4 dxc4 3. Nc3 c6 4. e4 b5 5. e5 e6 6. Qf3 Qb6 7. Be3 Qb7 8. g3 a6 9. Bg2 Ne7 10. Nge2 Nd5 11. O-O Nd7 12. Rab1 g6 13. Nxd5 cxd5 14. b3 Nb6 15. Rfc1 cxb3 16. axb3 Bg7 17.
Rc2 Bd7 18. Rbc1 Rc8 19. Bg5 O-O 20. Bf6 Rxc2 21. Rxc2 Rc8 22. Rxc8+ Qxc8 23. Bxg7 Kxg7 24. Qf6+ Kg8 25. Nf4 Qe8 26. Qg5 Nc8 27. Nh5 Qe7 28.
Nf6+ Kg7 29. Nh5+ Kh8 30. Nf6 Bc6 31. Qh6 Qxf6 32. exf6 Nd6 33. Qg7# 1-0

[Event "Live Chess"]
[Site "Chess.com"]
[Date "2024.06.01"]
[Round "-"]
[White "jumush"]
[Black "Dhaydon19"]
[Result "0-1"]
[WhiteElo "1740"]
[BlackElo "2699"]
[TimeControl "300"]
[EndTime "9:46:00 PDT"]
[Termination "Dhaydon19 won by resignation"]

1. e4 c6 2. d4 d5 3. exd5 cxd5 4.
Nf3 Nf6 5. Ne5 Nc6 6. Bb5 Bd7 7. Nxd7 Qxd7 8. c3 e6 9. O-O Bd6 10. Re1 Qc7 11. h3 h5 12. Nd2 g5 13. Nf3 g4 14.
hxg4 hxg4 15. Ne5 Bxe5 16. dxe5 Ne4 17. Bf4 g3 18. fxg3 Qb6+ 0-1

[Event "Live Chess"]
[Site "Chess.com"]
[Date "2024.06.01"]
[Round "-"]
[White "A3ndrey9"]
[Black "grillage"]
[Result "0-1"]
[WhiteElo "1276"]
[BlackElo "1911"]
[TimeControl "300"]
[EndTime "9:46:20 PDT"]
[Termination "grillage won by resignation"]

1. Nf3 Nf6 2. d4 e6 3. c4 Bb4+ 4. Bd2 Bxd2+ 5. Qxd2 d6 6. Nc3 Qe7 7. g3 e5 8. dxe5 dxe5 9. Nd5 Nxd5 10. Qxd5 Nd7 11.
Bh3 c6 12. Bxd7+ Bxd7 13. Qxe5 Be6 14. Qxg7 O-O-O 15. O-O h5 16. Qg5 f6 17. Qf4 Rdg8 18.
Nh4 Rg4 19. Nf5 Bxf5 20. Qxf5+ Kb8 21. e3 Rxc4 22. Rac1 Re4 23. Rfd1 Re6 24. Qc5 Qc7 25. b4 h4 26. b5 hxg3 27. bxc6 Rxc6 28. Qa3 gxf2+ 29.
Kxf2 Qxh2+ 30. Kf3 Rh3+ 31. Ke4 Qe5+ 32. Kd3 Rxe3+ 33.
Kd2 Rxa3 34. Rxc6 bxc6 35. Rb1+ Kc7 0-1

[Event "Live Chess"]
[Site "Chess.com"]
[Date "2024.06.01"]
[Round "-"]
[White "Ksenia_2013"]
[Black "peteopeteo"]
[Result "0-1"]
[WhiteElo "723"]
[BlackElo "1622"]
[TimeControl "300"]
[EndTime "9:46:23 PDT"]
[Termination "peteopeteo won by checkmate"]

1. e4 c6 2. d4 d5 3. e5 Bf5 4.
Nf3 e6 5. Bd3 Bxd3 6. cxd3 Bb4+ 7. Nc3 Ne7 8. O-O Nf5 9. a3 Ba5 10. b4 Bb6 11. Bg5 Qd7 12. Nh4 Nxd4 13. Ne2 Nxe2+ 14. Qxe2 Bd8 15. Bxd8 Qxd8 16. Qf3 Qxh4 17. d4 Qxd4 18. Rfd1 Qe4 19. Qxe4 dxe4 20. Rd2 O-O 21. f3 exf3 22. gxf3 Na6 23. Kf2 Rad8 24. Rxd8 Rxd8 25. Ke2 Nc7 26. a4 Nd5 27. Kd3 Nxb4+ 28. Kc4 Nd5 29. Rb1 b6 30. f4 Ne3+ 31. Kc3 Rd5 32. a5 Rxa5 33. Kd3 Nd5 34. Kd4 Nxf4 35. Rd1 Rd5+ 36. Kc3 Rxd1 37. Kc2 Rd5 38. Kc3 Rxe5 39. Kd4 Re2 40.
Kc3 Rxh2 41. Kd4 Re2 42. Kc3 h5 43. Kd4 h4 44. Kc3 h3 45. Kd4 h2 46. Kc3 h1=R 47. Kc4 Rd1 48. Kb4 Rc2 49. Ka4 Rb1 50. Ka3 Rc5 51.
Ka4 Ra5# 0-1

[Event "Live Chess"]
[Site "Chess.com"]
[Date "2024.06.01"]
[Round "-"]
[White "YrrriKharkiv"]
[Black "MellowAesthetic"]
[Result "1-0"]
[WhiteElo "2125"]
[BlackElo "2067"]
[TimeControl "300"]
[EndTime "9:46:38 PDT"]
[Termination "YrrriKharkiv won on time"]

1. d4 Nf6 2. Bf4 g6 3. Nc3 d5 4. e3 Bg7 5. Nf3 O-O 6. Be2 c5 7. Ne5 cxd4 8. exd4 Qb6 9. Rb1 Nc6 10. Nxc6 bxc6 11. O-O Nd7 12. Be3 a5 13. Na4 Qc7 14.
c4 Ba6 15. Rc1 dxc4 16. Bxc4 Bxc4 17. Rxc4 Nb6 18. Nxb6 Qxb6 19. Qc2 Rfc8 20. Rc1 Rab8 21. b3 h5 22. h3 Qb5 23. Rc5 Qb4 24. Rxc6 Rxc6 25.
Qxc6 Bxd4 26. Bxd4 Qxd4 27. Qc3 Qf4 28. Qc7 Qxc7 29.
Rxc7 e6 30. Rc5 Ra8 31. Rc4 Kg7 32. Ra4 Kf6 33. b4 Ke5 34. bxa5 Kd5 35. a6 Kc6 36. g3 Kb6 37. Kg2 Rxa6 38. Rb4+ Kc5 39. Rb2 Kc4 40.
Kf3 Kc3 41. Re2 Ra4 42. h4 f6 43. Re3+ Kd4 44. Re4+ 1-0

[Event "Live Chess"]
[Site "Chess.com"]
[Date "2024.06.01"]
[Round "-"]
[White "Mangoalo"]
[Black "Velocity"]
[Result "0-1"]
[WhiteElo "995"]
[BlackElo "1713"]
[TimeControl "300"]
[EndTime "9:46:41 PDT"]
[Termination "Velocity won by resignation"]

1. e4 c5 2. Nf3 d6 3. d4 cxd4 4. Nxd4 Nf6 5. Nc3 g6 6. f4 Bg7 7. Bb5+ Bd7 8. Bxd7+ Qxd7 9. O-O Nc6 10. Nxc6 bxc6 11.
Qf3 O-O 12. e5 dxe5 13. fxe5 Nd5 14. Nxd5 cxd5 15. Bf4 e6 16. g4 Rac8 17. c3 Qb5 18. b4 Qc4 19. Rac1 Qxa2 20. Rf2 Qa3 21. Bd2 Bxe5 22. h4 Bg7 23. h5 Rc7 24. h6 Be5 25. g5 Rfc8 26. Re1 Bxc3 27. Qxf7+ Kh8 28. Qf6+ Bxf6 29.
gxf6 Rf7 30. Rc1 Rxc1+ 31. Bxc1 Qxc1+ 0-1

[Event "Live Chess"]
[Site "Chess.com"]
[Date "2024.06.01"]
[Round "-"]
[White "Inglaterra"]
[Black "JP56789"]
[Result "0-1"]
[WhiteElo "2033"]
[BlackElo "2265"]
[TimeControl "300"]
[EndTime "9:46:42 PDT"]
[Termination "JP56789 won by resignation"]

1. c4 Nf6 2. Nf3 g6 3. g3 Bg7 4. Bg2 O-O 5. O-O d6 6. b3 Ne4 7. d4 c5 8. Bb2 Nc6 9. Nbd2 Nxd2 10. Qxd2 Bg4 11. d5 Bxb2 12. Qxb2 Bxf3 13. Bxf3 Ne5 14.
Bg2 b5 15. cxb5 a6 16. bxa6 Rxa6 17. f4 Nd7 18. e4 Qb6 19. Qf2 Rfa8 20. Bh3 Nf6 21.
Rfe1 Qb4 22. Bg2 c4 23. bxc4 Qxc4 24. Rac1 Qxa2 25. Rc2 Qa5 26. e5 Ng4 27. Qe2 Qb6+ 28. Kh1 Nf2+ 29. Kg1 Nd3+ 30. Kh1 Nxe1 31. Qxe1 Ra1 32.
Rc1 Qb2 0-1

[Event "Live Chess"]
[Site "Chess.com"]
[Date "2024.06.01"]
[Round "-"]
[White "DukeBG"]
[Black "Delacorta"]
[Result "0-1"]
[WhiteElo "477"]
[BlackElo "1397"]
[TimeControl "300"]
[EndTime "9:46:53 PDT"]
[Termination "Delacorta won on time"]

1. e4 e6 2. d4 d5 3. f3 dxe4 4. fxe4 Qh4+ 5. Kd2 Qxe4 6. Qf3 Qxd4+ 7. Ke1 Nf6 8. Be3 Qxb2 9. Bd2 Nc6 10. Qc3 Qxc3 11.
Bxc3 Bb4 12. a3 Bxc3+ 13. Nxc3 Nd4 14. Rd1 Nxc2+ 15. Kd2 Nxa3 16. Nf3 Bd7 17. Bd3 O-O-O 18. Ra1 Bb5 19. Rxa3 Bxd3 20. Rxa7 Ba6+ 21. Kc2 Kb8 22. Rxa6 bxa6 23. Rb1+ Ka7 24. Ne5 Rd6 25. Nxf7 Rhd8 26.
Nxd8 Rxd8 27. Kb3 Rb8+ 28. Ka2 Rxb1 29. Nxb1 Kb6 30. Kb2 Kc5 31. Nd2 Kb4 32. g3 Nd5 0-1

[Event "Live Chess"]
[Site "Chess.com"]
[Date "2024.06.01"]
[Round "-"]
[White "Dhaydon19"]
[Black "seasidecastle27"]
[Result "1-0"]
[WhiteElo "2699"]
[BlackElo "1951"]
[TimeControl "300"]
[EndTime "9:47:12 PDT"]
[Termination "Dhaydon19 won by resignation"]

1. d4 d5 2. Nf3 Nf6 3. g3 e6 4. Bg2 Be7 5. O-O O-O 6. c4 c6 7. Qc2 Nbd7 8. Nc3 b6 9. b3 Bb7 10.
Rd1 Rc8 11. Bb2 Qc7 12. Ne5 Nxe5 13. dxe5 Qxe5 14. Nxd5 Qb8 15. Nxe7+ Kh8 16. Nxc8 Rxc8 17. Bxf6 1-0

[Event "Live Chess"]
[Site "Chess.com"]
[Date "2024.06.01"]
[Round "-"]
[White "KGreenGator"]
[Black "ProfPoisson"]
[Result "1-0"]
[WhiteElo "1775"]
[BlackElo "1233"]
[TimeControl "300"]
[EndTime "9:47:13 PDT"]
[Termination "KGreenGator won on time"]

1. c4 e6 2. Nc3 f5 3. e3 Nf6 4. d4 Bb4 5. Bd2 Bxc3 6. Bxc3 O-O 7. Nf3 Ne4 8. Qc2 b6 9. Bd3 Bb7 10. O-O Nxc3 11. Qxc3 Bxf3 12. gxf3 Qg5+ 13. Kh1 Rf6 14. Rg1 Qh4 15. Rg2 d6 16. d5 e5 17. Rag1 Rg6 18. Bxf5 Rxg2 19. Rxg2 Na6 20. Be6+ Kh8 21. b4 Rf8 22. f4 Qh5 23. Qa1 Nxb4 24. fxe5 dxe5 25. h3 Nd3 26. Qf1 Nc5 27. Bg4 Qh6 28. Qe2 e4 29. Qb2 Nd3 30. Qc2 Qh4 31. Qc3 Nxf2+ 32. Kg1 Rf7 33. Be6 Nxh3+ 34. Bxh3 Qxh3 35. Qa3 Qh5 36. Qc1 Qf3 37. a3 h5 38. Qd2 h4 39. Qf2 Qd1+ 40. Kh2 Rxf2 41. Rxf2 Qg4 42. Rg2 Qf3 43. a4 Qxe3 44.
a5 Qd4 45. axb6 1-0

[Event "Live Chess"]
[Site "Chess.com"]
[Date "2024.06.01"]
[Round "-"]
[White "IanCalvert2"]
[Black "NottheBishopSacrifice"]
[Result "0-1"]
[WhiteElo "1541"]
[BlackElo "2147"]
[TimeControl "300"]
[EndTime "9:47:19 PDT"]
[Termination "NottheBishopSacrifice won on time"]

1. b3 d5 2. Bb2 c5 3. e3 Nf6 4.
Nf3 g6 5. c4 dxc4 6. Bxc4 Bg7 7.
O-O O-O 8. d4 cxd4 9. Qxd4 Nc6 10. Qxd8 Rxd8 11. Nc3 Bg4 12. Rfd1 Bxf3 13. gxf3 Ne5 14.
Be2 Ne8 15. f4 Nc6 16. Na4 Bxb2 17. Nxb2 e6 18. Bb5 Nb4 19. Bxe8 Rxe8 20. Rd7 b5 21. Rc1 Nxa2 22. Rcc7 Rf8 23. Nd3 Rad8 24. Rxa7 Rxd7 25. Rxd7 Nc3 26. Ne5 Nd5 27. Kg2 f6 28. Nd3 Rf7 29. Rxf7 Kxf7 30. e4 Nc3 31. Kf3 Ke7 32. Ke3 Kd6 33.
f3 e5 34. Kd2 b4 35. fxe5+ fxe5 36. Nxb4 Nb5 37. Nd5 Nd4 38. Ke3 Nxb3 39. Nf6 h5 40. f4 Ke6 41. fxe5 Kxe5 42. Nd7+ Ke6 43. Nb6 Nc5 44. Nd5 Nd7 45. Nf4+ Kf7 46. Kd4 h4 47. e5 Nf8 48. Ke4 g5 49. Nd5 Ke6 50. Ne3 Ng6 51. Ng4 Nf4 52. Nh6 Ng6 53. Ng4 h3 54. Nf2 Nxe5 55. Nxh3 g4 0-1

[Event "Live Chess"]
[Site "Chess.com"]
[Date "2024.06.01"]
[Round "-"]
[White "StoreySniper"]
[Black "CheckThis4"]
[Result "1-0"]
[WhiteElo "2547"]
[BlackElo "2682"]
[TimeControl "300"]
[EndTime "9:47:33 PDT"]
[Termination "StoreySniper won on time"]

1. c4 g6 2. g3 Bg7 3. Bg2 e5 4.
Nc3 Nc6 5. d3 d6 6. e3 Nge7 7.
Nge2 Be6 8. e4 O-O 9. Be3 Qd7 10. f3 f5 11. Qd2 Rf7 12. O-O-O a6 13. Kb1 b5 14.
Nd5 fxe4 15. fxe4 Raf8 16. Rhf1 Nd4 17. Nxd4 exd4 18. Bg5 Nc6 19. Rxf7 Rxf7 20. Rf1 Rxf1+ 21. Bxf1 Qf7 22. Be2 Ne5 23. cxb5 Bxd5 24. exd5 axb5 25. Bf4 Qxd5 26. Bd1 c5 27. Qa5 Qh1 28. Qd8+ Bf8 29. Kc2 Qxh2+ 30. Kb3 c4+ 31. Ka3 b4+ 32. Ka4 Nf7 33.
Qd7 Qxb2 34. Bg4 Qxa2+ 35. Kb5 Qa8 36. Be6 Qb8+ 37. Kxc4 d5+ 38. Kb3 1-0

[Event "Live Chess"]
[Site "Chess.com"]
[Date "2024.06.01"]
[Round "-"]
[White "willc-h99"]
[Black "Bradfield133"]
[Result "1-0"]
[WhiteElo "2661"]
[BlackElo "2025"]
[TimeControl "300"]
[EndTime "9:47:33 PDT"]
[Termination "willc-h99 won on time"]

1. d4 d6 2. Bg5 Nd7 3. e3 f5 4.
Nd2 Ngf6 5. Bd3 h6 6. Bxf5 Nb6 7.
Bg6+ Kd7 8. Bxf6 gxf6 9. Ne4 c6 10. a4 a5 11. Bf5+ Kc7 12. Bxc8 Qxc8 13. Nf3 h5 14. h3 Bh6 15. Qd3 Qf5 16. b3 Rhg8 17.
Nh4 Qe6 18. O-O-O Nd5 19. Nd2 Qd7 20. c3 Rad8 21. Kb2 Bg5 22. Nhf3 Bh6 23. Rhg1 e6 24. g3 Qg7 25. e4 Ne7 26. Nc4 b6 27. Ne3 Bxe3 28. Qxe3 f5 29. Rge1 Rd7 30. exf5 exf5 31. Qd3 Kb7 32. c4 Rf8 33. Re6 Rf6 34. Rde1 Rxe6 35.
Rxe6 Qf7 36. Ng5 1-0